AoeStats
← Thomas Sankara

Fortress

510373178Analyzed
1v1 RM · 22h ago on Sep 30, 2026· 67m 10s· 2 players
Game mode
Random Map
Map size
Small (3 player)
Population
200
Speed
Normal
Resources
Standard
Victory
Conquest
Starting age
Dark Age
Ending age
Imperial Age
RankedLock teamsTeams togetherTeam positionsShared explorationLock speedFull tech treeHidden civsTurbo modeCheats
Victory
Defeat
🇦🇷 Georgians · Argentina
2074
+13
🇪🇸 Spanish · Spain
2013
-13
Thomas Sankara
5:28 Feudal Age
8:15 Loom
11:22 Castle Age
9:15 Horse Collar
10:47 Double-Bit Axe
16:30 Town Watch
20:34 Wheelbarrow
24:48 Imperial Age
23:24 Bow Saw
23:16 Heavy Plow
25:15 Hand Cart
25:56 Conscription
27:03 Chemistry
25:55 Fletching
28:11 Two-Man Saw
27:17 Bodkin Arrow
27:48 Padded Archer Armor
28:05 Forging
28:17 Gold Mining
27:57 Pikeman
28:41 Scale Mail Armor
29:39 Halberdier
31:13 Chain Mail Armor
31:25 Bracer
32:05 Supremacy
32:28 Supremacy
32:22 Padded Archer Armor
32:08 Elite Skirmisher
33:54 Leather Archer Armor
35:07 Thumb Ring
35:34 Ring Archer Armor
37:19 Iron Casting
36:59 Chain Mail Armor
38:44 Squires
39:45 Blast Furnace
39:13 Scale Barding Armor
39:33 Bloodlines
40:00 Husbandry
40:00 Cavalier
41:26 Plate Mail Armor
41:13 Fortified Wall
41:24 Ballistics
42:28 Chain Barding Armor
41:33 Paladin
44:24 Plate Barding Armor
61:47 Light Cavalry
62:37 Hussar
神明与她
6:29 Feudal Age
10:13 Castle Age
8:31 Double-Bit Axe
9:08 Horse Collar
11:29 Bow Saw
16:40 Loom
18:01 Wheelbarrow
18:14 Town Watch
21:59 Gold Mining
22:11 Stone Mining
23:19 Hand Cart
27:18 Imperial Age
25:07 Fletching
25:26 Heavy Plow
26:11 Bodkin Arrow
26:40 Padded Archer Armor
27:36 Masonry
27:48 Ballistics
27:47 Husbandry
27:57 Bloodlines
28:42 Hoardings
28:30 Conscription
28:52 Bracer
29:53 Chemistry
29:24 Architecture
28:56 Light Cavalry
30:58 Parthian Tactics
30:09 Heavy Cavalry Archer
31:44 Leather Archer Armor
32:49 Light Cavalry
34:38 Stone Shaft Mining
33:46 Hussar
35:17 Scale Barding Armor
35:24 Forging
34:44 Capped Ram
37:33 Siege Ram
38:39 Scale Barding Armor
38:45 Forging
40:02 Chain Barding Armor
40:18 Iron Casting
40:54 Guilds
43:34 Plate Barding Armor
43:59 Blast Furnace
44:45 Pikeman
45:25 Squires
45:26 Scale Mail Armor
46:07 Halberdier
48:25 Svan Towers
48:45 Chain Mail Armor
58:10 Plate Mail Armor
60:35 Crop Rotation
66:18 Arson
Connection lost

Rejoining the realm…

Still unreachable

The connection could not be restored.

Session expired

The server has moved on; the page needs a fresh start.